 Dungeon Crawl Stone Soup version 0.30-a0-393-g54b8e3be05 (webtiles) character file.

Game seed: 5869009106638200404

2342 p00ps00p the Cleaver (level 9, -1/81 HPs)
             Began as a Hill Orc Fighter on Dec 5, 2022.
             Killed from afar by an acid dragon (15 damage)
             ... with a splash of acid
             ... on level 8 of the Dungeon.
             The game lasted 00:12:54 (6581 turns).

p00ps00p the Cleaver (Hill Orc Fighter)             Turns: 6581, Time: 00:12:54

Health: -1/81      AC:  8    Str: 29    XL:     9   Next: 43%
Magic:  9/9        EV:  8    Int:  6    God:
Gold:   412        SH:  5    Dex: 10    Spells: 8/8 levels left

rFire   + + .      SeeInvis .    y - +8 mace of Vanity {flame, rC++ Int-2}
rCold   + + .      Faith    .    c - +0 buckler
rNeg    + . .      Spirit   .    D - +0 chain mail
rPois   .          Reflect  .    v - +2 helmet
rElec   .          Harm     .    (no cloak)
rCorr   +          Rampage  .    k - +1 pair of gloves
Will    .....                    (no boots)
Stlth   ..........               (no amulet)
HPRegen 0.33/turn                u - ring "Dafucweps" {rF+ rN+ rCorr Str+6 Stlth-}
MPRegen 0.11/turn                g - ring of protection from fire

@: corroded
A: no striking features
a: no special abilities


You were on level 8 of the Dungeon.
You visited 2 branches of the dungeon, and saw 9 of its levels.

You collected 412 gold pieces.

Inventory:

Hand Weapons
 a - a +0 war axe
 y - the +8 mace of Vanity (weapon) {flame, rC++ Int-2}
   (You found it on level 4 of the Dungeon)

   It burns those it strikes, dealing additional fire damage.
   Int:       It affects your intelligence (-2).
   rC:        It greatly protects you from cold.
Missiles
 h - 3 throwing nets (quivered)
 w - 6 atropa-tipped darts
 x - 13 poisoned darts
Armour
 c - a +0 buckler (worn)
 k - a +1 pair of gloves (worn)
 v - a +2 helmet (worn)
 D - a +0 chain mail (worn)
Jewellery
 g - a ring of protection from fire (right hand)
 r - a ring of flight
 u - the ring "Dafucweps" (left hand) {rF+ rN+ rCorr Str+6 Stlth-}
   (You acquired it on level 3 of the Dungeon)

   [ring of strength]

   Str:       It affects your strength (+6).
   rF:        It protects you from fire.
   rN:        It protects you from negative energy.
   rCorr:     It protects you from acid and corrosion.
   Stlth:     It makes you less stealthy.
 G - a ring of ice
Wands
 q - a wand of light (2)
 H - a wand of flame (5)
Scrolls
 i - a scroll of butterflies
 l - 2 scrolls of enchant weapon
 o - a scroll of teleportation
 s - 2 scrolls of magic mapping
 t - a scroll of blinking
 B - a scroll of enchant armour
Potions
 b - 2 potions of heal wounds {unknown}
 d - a potion of might
 e - 2 potions of cancellation
 f - a potion of brilliance
 j - a potion of degeneration {unknown}
 m - a potion of invisibility
 n - 3 potions of magic
 p - 2 potions of curing
 z - 2 potions of haste {unknown}
 A - a potion of mutation
 C - 3 potions of berserk rage


   Skills:
 + Level 8.2 Fighting
 + Level 8.4 Axes
 + Level 7.6 Armour
 + Level 7.5 Shields


You had 8 spell levels left.
You didn't know any spells.
Your spell library contained the following spells:

 Spells                   Type           Power      Damage    Failure   Level
 Blink                    Tloc           0%         N/A       99%         2
 Momentum Strike          Conj/Tloc      0%         3d8       99%         2
 Lesser Beckoning         Tloc           0%         N/A       100%        3


Dungeon Overview and Level Annotations

Branches:
Dungeon (8/15)             Temple (1/1) D:7
   Lair: D:8-11

Altars:
Cheibriados
Elyvilon
Fedhas
Hepliaklqana
Okawaru
Qazlal
Ru
Wu Jian
Xom
Yredelemnul
Zin
The Shining One

Shops:
D:1 *   D:2 ?*

Annotations:
D:5 2 transporters, bakla's ghost, novice DjHW
D:7 2 transporters, zishaf's ghost, novice TeAE


Message History

Unknown command.
You thump the acid dragon! You burn the acid dragon.
The acid dragon is severely wounded.
The acid dragon barely misses you.
The acid dragon claws you but does no damage.
A bullfrog comes into view.
The acid dragon bites you but does no damage.
The acid dragon barely misses you.
You sock the acid dragon! You burn the acid dragon.
The acid dragon is almost dead.
The acid dragon spits acid at you. The splash of acid hits you! You resist.
Unknown command.
You are too injured to fight recklessly!
Unknown command.
You are too injured to fight recklessly!
Unknown command.
The acid dragon spits acid at you. The splash of acid hits you! You resist.
* * * LOW HITPOINT WARNING * * *
The acid dragon spits acid at you. The splash of acid hits you. You resist.
* * * LOW HITPOINT WARNING * * *
The acid dragon spits acid at you. The splash of acid hits you! You resist.
* * * LOW HITPOINT WARNING * * *
The acid corrodes you!
You hear an angry hiss.
The acid dragon spits acid at you. The splash of acid misses you.
There is an open door here.
The acid dragon spits acid at you. The splash of acid hits you! You resist.
* * * LOW HITPOINT WARNING * * *
You hear an angry hiss.
You feel better.
A wyvern comes into view.
The acid dragon spits acid at you. The splash of acid hits you! You resist.
You die...

. #♣...♣# ##. #.DP..#
#..#♣..♣..♣#
#.##D.P.P..#
#.#♣.......♣
#.#..♣.♣.♣..#
#.'##########
#l###################
#)cD....@............
########.##)<).[?...#
#....)).......
###...........
#...........
##.........#
##...#...## #########


You could see a wyvern (wandering), an acid dragon (catching breath) and a
centaur.

Vanquished Creatures
  A vampire (D:5)
  A steam dragon (D:7)
  An orc warrior (D:8)
  A black bear (D:4)
  A sky beast (D:7)
  An ogre (D:7)
  2 centaurs
  2 phantoms
  A kobold brigand (D:7)
  4 bullfrogs
  A scorpion (D:7)
  4 wights (D:7)
  A hound (D:6)
  5 orc priests
  A gnoll bouda (D:7)
  5 iguanas
  6 orc wizards
  17 gnolls
  3 adders
  A white imp (D:7)
  3 ufetubi
  A worm (D:4)
  3 dart slugs
  23 orcs
  8 ball pythons
  4 endoplasms
  5 giant cockroaches
  7 goblins
  7 hobgoblins
  8 jackals
  13 kobolds
  A quokka (D:2)
  5 bats
  4 frilled lizards
  4 rats
155 creatures vanquished.

Vanquished Creatures (others)
  6 plants (D:7)
6 creatures vanquished.

Grand Total: 161 creatures vanquished

Notes
Turn   | Place    | Note
-------+----------+-------------------------------------------
     0 | D:1      | p00ps00p the Hill Orc Fighter began the quest for the Orb.
     0 | D:1      | Reached XP level 1. HP: 19/19 MP: 1/1
    97 | D:1      | Reached XP level 2. HP: 26/27 MP: 2/2
   238 | D:1      | Found Yrogeuse's Assorted Antiques.
   577 | D:1      | Found a faded altar of an unknown god.
   803 | D:2      | Found Kiles's Assorted Antiques.
   843 | D:2      | Reached XP level 3. HP: 33/33 MP: 3/3
  1234 | D:2      | Found Cisewketz's Magic Scroll Shop.
  1583 | D:3      | Reached XP level 4. HP: 40/40 MP: 4/4
  1722 | D:3      | Found a faded altar of an unknown god.
  1727 | D:3      | Found a glowing golden altar of the Shining One.
  1799 | D:3      | Found an iron altar of Okawaru.
  1813 | D:3      | Identified a scroll of acquirement
  1813 | D:3      | Acquired the ring "Dafucweps" {rF+ rN+ rCorr Str+6 Stlth-}
  2235 | D:3      | Found a glowing silver altar of Zin.
  2699 | D:4      | Identified the +0 robe of the Fig {rPois rC+ Will-}
  2737 | D:4      | Noticed a black bear
  2743 | D:4      | Killed a black bear
  2744 | D:4      | Reached XP level 5. HP: 36/47 MP: 5/5
  2762 | D:4      | Noticed a phantom
  2773 | D:4      | Killed a phantom
  2774 | D:4      | Reached skill level 5 in Fighting
  2774 | D:4      | Reached XP level 6. HP: 28/56 MP: 6/6
  3135 | D:4      | Identified the +8 mace of Vanity {flame, rC++ Int-2}
  3233 | D:4      | Reached skill level 5 in Axes
  3509 | D:4      | Reached skill level 5 in Armour
  3970 | D:5      | Entered Level 5 of the Dungeon
  3995 | D:5      | Noticed bakla's ghost (novice DjHW)
  3996 | D:5      | Noticed a wraith
  4041 | D:5      | Found a transporter.
  4044 | D:5      | Found a transporter.
  4067 | D:5      | Reached skill level 5 in Shields
  4067 | D:5      | Reached XP level 7. HP: 52/61 MP: 7/7
  4292 | D:5      | Found a hazy altar of Hepliaklqana.
  4292 | D:5      | Noticed a vampire
  4300 | D:5      | Killed a vampire
  4732 | D:6      | Found a white marble altar of Elyvilon.
  4836 | D:6      | Reached XP level 8. HP: 70/71 MP: 8/8
  5551 | D:7      | Found a shimmering altar of Xom.
  5663 | D:7      | Identified the +4 trident "Yrchexim" {vamp, rC+ Str+6}
  5676 | D:7      | Reached XP level 9. HP: 79/79 MP: 9/9
  5868 | D:7      | Found a transporter.
  5878 | D:7      | Identified the amulet "Bozosih" {RegenMP Fly Str+2}
  5957 | D:7      | Found a staircase to the Ecumenical Temple.
  5966 | Temple   | Entered the Ecumenical Temple
  6182 | D:7      | Noticed zishaf's ghost (novice TeAE)
  6226 | D:7      | Found a transporter.
  6578 | D:8      | HP: 4/81 [acid dragon/splash of acid (10)]
  6581 | D:8      | Killed from afar by an acid dragon

Illustrated notes

Levels and vault maps discovered:
D:1:      saegor_arrival_simple_d, layout_loops_cross,
          shapermc_ecumenical_altar_mp_vishouse, serial_shops,
          nicolae_shop_trees
D:2:      layout_basic, serial_shops, nicolae_shop_window_shopping,
          nicolae_lakefront_shop
D:3:      layout_loops_ring, old_standard_altar, nicolae_overflow_hidden_temple,
          nicolae_overflow_ecumenical_swirl, dk_noncrumbling_4
D:4:      layout_basic
D:5:      minmay_general_purpose_star, layout_rooms,
          mainiacjoe_overflow_alcove_2, gammafunk_ghost_arena,
          hangedman_glass_teeth
D:6:      layout_loops_cross, elyvilon_altar_3, chequers_serial_rivers_small_a
D:7:      layout_basic, old_standard_altar, minmay_temple_entry_statues_pillars,
          gammafunk_ghost_gnarly_gnolls, minmay_puff
D:8:      minmay_the_grid_triangle_9x9_rhombus_full
          [minmay_the_grid_triangle_9x9_thin_v,
          minmay_the_grid_triangle_9x9_dagger,
          minmay_the_grid_triangle_9x9_shrine,
          minmay_the_grid_triangle_9x9_sparse_checkered,
          minmay_the_grid_triangle_9x9_negative_grid,
          minmay_the_grid_triangle_9x9_from_above,
          minmay_the_grid_triangle_9x9_sprig,
          minmay_the_grid_triangle_9x9_prize_insulated], layout_rooms,
          led_sif_book, nemelex_spade_bored_becter, uniq_psyche
Temple:   nicolae_temple_ecumenical_triangle

Skill      XL: |  1  2  3  4  5  6  7  8  9 |
---------------+----------------------------+-----
Axes           | 3 4 5 6 7 8 |  8.4
Fighting       | 4 5 6 7 8 |  8.2
Armour         | 4 5 7 |  7.6
Shields        | 4 5 7 |  7.5

Action                   |  1- 3 |  4- 6 |  7- 9 || total
-------------------------+-------+-------+-------++-------
Melee: War axe           |    93 |    84 |       ||   177
       Mace              |       |    50 |   164 ||   214
Evoke: Wand              |       |     5 |     2 ||     7
  Use: Scroll            |    10 |     8 |     2 ||    20
       Potion            |       |       |     1 ||     1
Armor: Scale mail        |    52 |    78 |       ||   130
       Chain mail        |       |       |   131 ||   131
Dodge: Dodged            |    42 |    72 |    72 ||   186
Block: Buckler           |    24 |    41 |    60 ||   125

Table legend: (Time is in decaauts)
 A = Elapsed time spent in this place.
 B = Non-inter-level travel time spent in this place.
 C = Inter-level travel time spent in this place.
 D = Time resting spent in this place.
 E = Time spent auto-exploring this place.
 F = Levels seen in this place.
 G = Mean time per level.
                   A        B        C        D        E       F      G
               +--------+--------+--------+--------+--------+-----+--------+
         Total |   6707 |   6371 |    336 |    656 |   4164 |   9 |  745.2 |
       Dungeon |   6617 |   6281 |    336 |    656 |   4109 |   8 |  827.1 |
        Temple |     90 |     90 |      0 |      0 |     55 |   1 |   90.0 |
               +--------+--------+--------+--------+--------+-----+--------+

Top non-repeatable levels by time:
     D:4: 1596 daAuts
     D:7: 1186 daAuts
     D:3: 875 daAuts
     D:1: 805 daAuts
     D:2: 770 daAuts
     D:6: 697 daAuts
     D:5: 579 daAuts
     D:8: 105 daAuts
  Temple: 90 daAuts
